 Dungeon Crawl Stone Soup version 0.31.0-9-g3a7656b989 (webtiles) character file.

Game seed: 16327312035298884349

392 qw the Ducker (level 6, 0/32 HPs)
             Began as a Spriggan Hunter on Feb 2, 2024.
             Killed by divine providence
             ... invoked by an orc priest
              (16 damage)
             ... on level 4 of the Dungeon.
             The game lasted 00:00:09 (2232 turns).

qw the Ducker (Spriggan Hunter)                     Turns: 2232, Time: 00:00:09

Health: 0/32       AC:  2    Str:  7    XL:     6   Next: 50%
Magic:  7/7        EV: 21    Int: 10    God:
Gold:   109        SH:  0    Dex: 21    Spells: 5/5 levels left

rFire   . . .        e - +4 arbalest (heavy)
rCold   . . .        (shield currently unavailable)
rNeg    . . .        c - +0 robe
rPois   .            (helmet restricted)
rElec   .            (no cloak)
rCorr   .            (gloves unavailable)
SInv    +            (boots unavailable)
Will    +....        h - amulet of regeneration
Stlth   ++           (no ring)
HPRegen 1.05/turn    (no ring)
MPRegen 0.10/turn

%: no passive effects
@: very quick
A: very small, no large weapons, unfitting armour, see invisible, speed 3
a: no special abilities


You were on level 4 of the Dungeon.
You visited 1 branch of the dungeon, and saw 4 of its levels.

You collected 109 gold pieces.


Innate Abilities, Weirdness & Mutations

You are very small and have problems with some larger weapons.
You are too small for most types of armour.
You have supernaturally acute eyesight. (SInv)
You cover ground extremely quickly. (Speed+++)


   Skills:
 - Level 2.7 Fighting
 + Level 6.0 Ranged Weapons
 - Level 6.1 Dodging
 - Level 1.5 Stealth


You had 5 spell levels left.
You didn't know any spells.
Your spell library was empty.

Inventory:

Hand Weapons
 e - a +4 heavy arbalest (weapon)
Armour
 c - a +0 robe (worn)
Jewellery
 h - an amulet of regeneration (around neck)
Scrolls
 d - a scroll of enchant armour
 l - 3 scrolls of teleportation
Potions
 f - a potion of haste {unknown}
 g - a potion of heal wounds {unknown}
 i - a potion of might {unknown}
 j - a potion of curing {unknown}
 m - a potion of degeneration {unknown}
 n - a potion of lignification {unknown}

Dungeon Overview and Level Annotations

Branches:
Dungeon (4/15)
 Temple: D:4-7

Altars:
Makhleb


Message History

Your Dodging skill increases to level 6!
Found a book of Geomancy and a robe.
There is an open door here.
You open the door.
There is an open door here.
You open the door.
There is an open door here.
You open the door.
There is an open door here.
An orc comes into view. It is wielding a +0 mace.
There is an open door here.
You shoot a bolt. The bolt closely misses the orc.
The orc shouts!
You shoot a bolt. The bolt closely misses the orc.
An orc comes into view. It is wielding a +0 club.
The orc closely misses you.
An orc priest comes into view. It is wielding a +0 club.
The orc misses you.
You shoot a bolt. The bolt closely misses the orc.
The orc shouts!
The orc hits you but does no damage.
The orc priest invokes the aid of Beogh against you.
Beogh smites you! The orc closely misses you.
You shoot a bolt. The bolt hits the orc!!
You kill the orc!
The orc completely misses you.
You shoot a bolt. The bolt hits the orc!!
You kill the orc!
The orc priest hits you with a +0 club.
You shoot a bolt. The bolt hits the orc priest.
The orc priest is lightly wounded.
The orc priest mumbles some strange prayers to Beogh against you.
Beogh smites you! The orc priest hits you with a +0 club.
You shoot a bolt. The bolt hits the orc priest!
The orc priest is severely wounded.
The orc priest hits you with a +0 club.
The orc priest invokes the aid of Beogh against you.
Beogh smites you!
Ouch! That really hurt!
You die...

#..'....#.....#
#..#....#.....#
##'###+##.....########
#..###..####..[.......
#..........#...:......
#..........#..........
#..........#......)...
#...###....#..)o......
#######....###@######
#...................#
#...................#
#...................#....#
#...............[...#....+
#..####.##..#########....#
##########..######.#.....#
#.............[#...#.....+
#..............#...#.....#


You could see an orc priest.

Vanquished Creatures
  An ogre (D:4)
  A scorpion (D:4)
  A howler monkey (D:4)
  A bombardier beetle (D:3)
  An orc priest (D:4)
  An orc wizard (D:4)
  5 adders
  A ribbon worm (D:3)
  3 dart slugs (D:1)
  6 orcs
  4 ball pythons
  2 bats (D:2)
  7 endoplasms
  2 giant cockroaches
  3 hobgoblins
  3 jackals (D:2)
  3 quokkas
  2 frilled lizards
  12 goblins
  5 kobolds
  3 rats
67 creatures vanquished.

Notes
Turn   | Place    | Note
-------+----------+-------------------------------------------
     0 | D:1      | qw the Spriggan Hunter began the quest for the Orb.
     0 | D:1      | Reached XP level 1. HP: 10/10 MP: 2/2
     0 | D:1      | 0 ||| qw: Version: 0.3-a-155-g5e7d8dd
     0 | D:1      | 0 ||| qw: Game counter: 2106
     0 | D:1      | 0 ||| qw: Melee chars always use a shield: true
     0 | D:1      | 0 ||| qw: God list: Okawaru
     0 | D:1      | 0 ||| qw: Allow faded altars: false
     0 | D:1      | 0 ||| qw: Do Orc after clearing Dungeon:15 true
     0 | D:1      | 0 ||| qw: Do second Lair branch before Depths: true
     0 | D:1      | 0 ||| qw: Lair rune preference: random
     0 | D:1      | 0 ||| qw: Goals: Normal
     0 | D:1      | 0 ||| PLANNING D:1-11
    55 | D:1      | Reached skill level 3 in Dodging
    81 | D:1      | 81 ||| DROPPING +2 sling of draining.
   108 | D:1      | Reached XP level 2. HP: 14/14 MP: 3/3
   690 | D:1      | 690 ||| UPGRADING to amulet of regeneration.
   695 | D:1      | 695 ||| DROPPING amulet of magic regeneration.
   696 | D:1      | 696 ||| DROPPING ring of wizardry.
   697 | D:1      | 697 ||| READING 2 scrolls labelled IZXORE NIXTA.
   697 | D:1      | 697 ||| ENCHANTING +0 shortbow.
   698 | D:1      | 698 ||| READING scroll labelled ARRUTI EDOM.
   699 | D:1      | 699 ||| READING 2 scrolls labelled XOTEDY LAMI.
   703 | D:1      | 703 ||| DRINKING 2 fizzy brown potions.
   704 | D:1      | 704 ||| DROPPING scroll of butterflies.
   705 | D:1      | 705 ||| DROPPING potion of invisibility.
   715 | D:2      | Reached XP level 3. HP: 18/18 MP: 4/4
   988 | D:2      | Reached XP level 4. HP: 22/22 MP: 5/5
  1187 | D:2      | 1187 ||| READING scroll labelled BIAFIDIONA.
  1187 | D:2      | Identified a scroll of acquirement
  1187 | D:2      | 1187 ||| ACQUIRING +3 heavy arbalest
  1187 | D:2      | Acquired a +3 heavy arbalest
  1189 | D:2      | 1189 ||| SWAPPING to +3 heavy arbalest.
  1190 | D:2      | 1190 ||| DROPPING +0 shortbow.
  1191 | D:2      | 1191 ||| READING scroll labelled WIOBOONTEG.
  1414 | D:3      | Found a burning altar of Makhleb.
  2006 | D:3      | 2006 ||| READING scroll labelled VUDWYLIARI.
  2007 | D:3      | 2007 ||| READING scroll labelled UTOIRGHELALU.
  2007 | D:3      | 2007 ||| ENCHANTING +3 heavy arbalest.
  2008 | D:3      | 2008 ||| READING scroll labelled FESUBECEAK.
  2008 | D:3      | 2008 ||| IDENTIFYING fuming silvery potion
  2009 | D:3      | 2009 ||| DROPPING potion of brilliance.
  2040 | D:4      | Noticed a scorpion
  2042 | D:4      | Killed a scorpion
  2043 | D:4      | Reached XP level 5. HP: 27/27 MP: 6/6
  2047 | D:4      | Noticed an ogre
  2050 | D:4      | Killed an ogre
  2051 | D:4      | Reached XP level 6. HP: 32/32 MP: 7/7
  2075 | D:4      | Reached skill level 6 in Ranged Weapons
  2186 | D:4      | Reached skill level 6 in Dodging
  2232 | D:4      | Killed from afar by an orc priest

Levels and vault maps discovered:
D:1:      heliophobic_arrival_ceremonial_halls, layout_basic, st_stairs_12,
          minmay_liquid_box, minmay_hedge_maze
D:2:      layout_rooms
D:3:      layout_loops_corners, mainiacjoe_overflow_concentric_impassable,
          chequers_serial_rivers_micro_a
D:4:      layout_gridville, uniq_natasha

Skill      XL: |  1  2  3  4  5  6 |
---------------+-------------------+-----
Dodging        | 3 4 5 6 |  6.1
Ranged Weapons | 5 6 |  6.0
Fighting       | 2 |  2.7
Stealth        | |  1.5

Action                     |  1- 3 |  4- 6 || total
---------------------------+-------+-------++-------
   Fire: Shortbow          |    94 |     2 ||    96
         Arbalest          |       |    54 ||    54
    Use: Scroll            |     3 |     5 ||     8
         Potion            |     1 |       ||     1
 Armour: Robe              |     3 |    13 ||    16
  Dodge: Dodged            |    19 |    57 ||    76

Table legend:
 A = Non-vault XP
 B = Vault XP
 C = Vault XP percentage of total XP
 D = Non-vault monster count
 E = Vault monster count
 F = Vault count percentage of total count
                 A         B        C        D         E       F
            +---------+---------+-------+---------+---------+-------
      Total |     555 |       5 |   0.9 |      64 |       3 |   4.5
            +---------+---------+-------+---------+---------+-------
        D:1 |      32 |       5 |  13.5 |      15 |       3 |  16.7
        D:2 |      74 |       0 |   0.0 |      22 |       0 |   0.0
        D:3 |      81 |       0 |   0.0 |      13 |       0 |   0.0
        D:4 |     368 |       0 |   0.0 |      14 |       0 |   0.0
            +---------+---------+-------+---------+---------+-------
